[Event "XIII Mediterranean Championship 2023"]
[Site "Castell-Platja d Aro"]
[Date "2023.11.06"]
[Round "4.19"]
[White "Vinals Rioja, Jaume"]
[Black "Lever, Erwan"]
[Result "0-1"]
[ECO "A03"]
[WhiteElo "1838"]
[BlackElo "2184"]
[Annotator "RC"]
[PlyCount "38"]
[EventDate "2023.10.26"]
[EventType "swiss"]
[EventCountry "ESP"]
[SourceTitle "playchess.com"]
[Source "ChessBase"]
[SourceQuality "1"]
[TimeControl "5400+30"]

1. f4 d5 2. Nf3 c5 3. g3 Nf6 4. Bg2 g6 5. d3 Bg7 6. c3 O-O 7. O-O b6 8. h3 Bb7 9. d4 Ne4 10. Kh2 Nd7 11. Be3 Qc7 12. Nbd2 Nd6 13. Bf2 f6 14. e3 e5 15. Rc1 Rae8 16. Re1 Kh8 17. Bg1 Qb8 18. Nb3 c4 19. Nbd2 e4 0-1

[Event "XIII Mediterranean Championship 2023"]
[Site "Castell-Platja d Aro"]
[Date "2023.11.06"]
[Round "4.21"]
[White "De Lomas Busquets, Alba"]
[Black "Zvereva, Marija"]
[Result "1-0"]
[ECO "C41"]
[WhiteElo "1873"]
[BlackElo "2144"]
[Annotator "RC"]
[PlyCount "33"]
[EventDate "2023.10.26"]
[EventType "swiss"]
[EventCountry "ESP"]
[SourceTitle "playchess.com"]
[Source "ChessBase"]
[SourceQuality "1"]
[TimeControl "5400+30"]

1. d4 Nf6 2. Nf3 d6 3. Nc3 Nbd7 4. e4 e5 5. Bc4 Be7 6. Bxf7+ Kxf7 7. Ng5+ Kg8 8. Ne6 Qe8 9. Nxc7 Qg6 10. Nxa8 Qxg2 11. Rf1 exd4 12. Qxd4 Ne5 13. f4 Bh3 14. Qf2 Qg6 15. fxe5 Nxe4 16. Nd5 Qe6 17. Nac7 1-0

[Event "XIII Mediterranean Championship 2023"]
[Site "Castell-Platja d Aro"]
[Date "2023.11.06"]
[Round "4.22"]
[White "Vinas Racionero, Josep"]
[Black "Canigueral Salvado, Jaume"]
[Result "1-0"]
[ECO "C00"]
[WhiteElo "2075"]
[BlackElo "1853"]
[Annotator "NA RC"]
[PlyCount "75"]
[EventDate "2023.10.26"]
[EventType "swiss"]
[EventCountry "ESP"]
[SourceTitle "playchess.com"]
[Source "ChessBase"]
[SourceQuality "1"]
[TimeControl "5400+30"]

1. e4 e6 2. Nf3 d5 3. e5 c5 4. b4 a6 5. bxc5 Bxc5 6. d4 Ba7 7. Bd3 Ne7 8. h4 Nbc6 9. c3 b5 10. Nbd2 h6 11. Nb3 Na5 12. Nxa5 Qxa5 13. Qb3 Nc6 14. O-O O-O 15. Ba3 Rd8 16. Bd6 f5 17. Bxf5 b4 18. cxb4 Qb5 19. Bd3 Qb7 20. Bc5 Bxc5 21. bxc5 Qe7 22. Rab1 Bd7 23. Bc2 Be8 24. Qd3 g6 25. Rb6 Na7 26. Rfb1 Nb5 27. a4 Nc7 28. Rb7 Rac8 29. h5 g5 30. R1b6 Rd7 31. g4 Na8 32. Qxa6 Nxb6 33. Rxb6 Rdc7 34. Rxe6 Rc6 35. Qxc6 Qd8 36. Qb7 Bd7 37. Rg6+ Kf8 38. Qxd5 1-0

[Event "XIII Mediterranean Championship 2023"]
[Site "Castell-Platja d Aro"]
[Date "2023.11.06"]
[Round "4.23"]
[White "Diaz Comas, Jordi"]
[Black "Mateu Guiu, Esteve"]
[Result "0-1"]
[ECO "B50"]
[WhiteElo "1837"]
[BlackElo "2075"]
[Annotator "NA RC"]
[PlyCount "46"]
[EventDate "2023.10.26"]
[EventType "swiss"]
[EventCountry "ESP"]
[SourceTitle "playchess.com"]
[Source "ChessBase"]
[SourceQuality "1"]
[TimeControl "5400+30"]

1. e4 c5 2. Nf3 d6 3. c3 Nf6 4. Bd3 Bg4 5. h3 Bh5 6. g4 Bg6 7. Nh4 Nc6 8. Nxg6 hxg6 9. Qe2 d5 10. e5 c4 11. Bc2 d4 12. Qxc4 Nxg4 13. e6 f5 14. b4 Nge5 15. Qf1 Qd5 16. Bb3 Qf3 17. Bc2 d3 18. Ba4 Qe4+ 19. Kd1 Qf3+ 20. Ke1 O-O-O 21. Na3 Rh4 22. Nc2 dxc2 23. Bxc2 Nd3+ 0-1

[Event "XIII Mediterranean Championship 2023"]
[Site "Castell-Platja d Aro"]
[Date "2023.11.06"]
[Round "4.24"]
[White "Garcia Rodriguez, Laia"]
[Black "Pham Guerrero, Sergi"]
[Result "0-1"]
[ECO "B26"]
[WhiteElo "1811"]
[BlackElo "2072"]
[Annotator "NA RC"]
[PlyCount "74"]
[EventDate "2023.10.26"]
[EventType "swiss"]
[EventCountry "ESP"]
[SourceTitle "playchess.com"]
[Source "ChessBase"]
[SourceQuality "1"]
[TimeControl "5400+30"]

1. e4 c5 2. Nc3 Nc6 3. g3 g6 4. Bg2 Bg7 5. d3 d6 6. Be3 Rb8 7. Qd2 b5 8. Nge2 b4 9. Nd1 Nd4 10. h3 e6 11. O-O h5 12. c3 bxc3 13. bxc3 Nxe2+ 14. Qxe2 Qa5 15. Qd2 Ba6 16. f4 Ne7 17. Rc1 O-O 18. c4 Qa3 19. g4 hxg4 20. hxg4 f5 21. exf5 gxf5 22. g5 Bb7 23. Bh3 Nc6 24. Rb1 Nd4 25. Bxd4 Bxd4+ 26. Nf2 Qa6 27. Qe2 Kf7 28. Rbe1 Rbe8 29. Qh5+ Ke7 30. Bxf5 Kd7 31. Qh7+ Re7 32. Bxe6+ Kd8 33. Qg6 d5 34. f5 dxc4 35. dxc4 Qd6 36. Bd5 Qg3+ 37. Kh1 Rh8+ 0-1

[Event "XIII Mediterranean Championship 2023"]
[Site "Castell-Platja d Aro"]
[Date "2023.11.06"]
[Round "4.25"]
[White "Lunin Bohomolets, Iliia"]
[Black "Garcia Paolicchi, Raul"]
[Result "0-1"]
[ECO "B07"]
[WhiteElo "1850"]
[BlackElo "2051"]
[Annotator "NA RC"]
[PlyCount "48"]
[EventDate "2023.10.26"]
[EventType "swiss"]
[EventCountry "ESP"]
[SourceTitle "playchess.com"]
[Source "ChessBase"]
[SourceQuality "1"]
[TimeControl "5400+30"]

1. e4 d6 2. d4 Nf6 3. Nc3 e5 4. Bg5 Be7 5. Nge2 c6 6. f3 Qb6 7. Qd2 Qxb2 8. Rb1 Qa3 9. Ng3 Qa5 10. f4 O-O 11. Nh5 Nbd7 12. Be2 h6 13. Nxg7 Kxg7 14. Bxh6+ Kxh6 15. fxe5+ Kh7 16. exf6 Bxf6 17. Bd3 Kg7 18. e5 Nxe5 19. O-O Ng4 20. Rxf6 Qh5 21. Rf3 Qxh2+ 22. Kf1 Qh1+ 23. Ke2 Qxg2+ 24. Kd1 Qxf3+ 0-1

[Event "XIII Mediterranean Championship 2023"]
[Site "Castell-Platja d Aro"]
[Date "2023.11.06"]
[Round "4.26"]
[White "De Lussac, Estephe"]
[Black "Moran Cabezas, Eric"]
[Result "1-0"]
[ECO "B33"]
[WhiteElo "2013"]
[BlackElo "1736"]
[Annotator "NA RC"]
[PlyCount "91"]
[EventDate "2023.10.26"]
[EventType "swiss"]
[EventCountry "ESP"]
[SourceTitle "playchess.com"]
[Source "ChessBase"]
[SourceQuality "1"]
[TimeControl "5400+30"]

1. e4 c5 2. Nf3 Nc6 3. d4 cxd4 4. Nxd4 Nf6 5. Nc3 e5 6. Ndb5 d6 7. Nd5 Nxd5 8. exd5 Ne7 9. c4 Nf5 10. Qa4 Bd7 11. Qb4 a6 12. Nc3 Qc7 13. Bd3 Be7 14. O-O O-O 15. Bd2 Rab8 16. Rac1 Qc5 17. Qxc5 dxc5 18. Rfe1 f6 19. f4 Nd4 20. fxe5 fxe5 21. Rxe5 Bd6 22. Ree1 b6 23. Rf1 Bf5 24. Bxf5 Nxf5 25. Rce1 Nd4 26. Rxf8+ Rxf8 27. Ne4 Bb8 28. Ng5 Rc8 29. Re7 Rf8 30. Bc3 Bd6 31. Re4 Nf5 32. Nf3 b5 33. b3 bxc4 34. bxc4 Rb8 35. Kf2 h6 36. Re6 Rd8 37. g4 Ne7 38. Be5 Nc8 39. Bxd6 Nxd6 40. Nd2 Kf7 41. Ke3 a5 42. Kd3 h5 43. h3 hxg4 44. hxg4 Nb7 45. Rc6 Rh8 46. Rc7+ 1-0

[Event "XIII Mediterranean Championship 2023"]
[Site "Castell-Platja d Aro"]
[Date "2023.11.06"]
[Round "4.27"]
[White "Leon Escoda, Manel"]
[Black "Alonso Gimenez, Mauro"]
[Result "0-1"]
[ECO "C41"]
[WhiteElo "1682"]
[BlackElo "1978"]
[Annotator "NA RC"]
[PlyCount "62"]
[EventDate "2023.10.26"]
[EventType "swiss"]
[EventCountry "ESP"]
[SourceTitle "playchess.com"]
[Source "ChessBase"]
[SourceQuality "1"]
[TimeControl "5400+30"]

1. e4 e5 2. Nf3 Qe7 3. Bc4 g6 4. O-O Bg7 5. d4 d6 6. Nc3 c6 7. dxe5 dxe5 8. Bg5 Nf6 9. Qe2 O-O 10. Rad1 Nbd7 11. Rd2 b5 12. Bb3 a5 13. a4 b4 14. Nb1 Nc5 15. Bxf6 Bxf6 16. Qe3 Nxb3 17. cxb3 Be6 18. Rc1 c5 19. Rdc2 Rac8 20. Nbd2 Rfd8 21. Rxc5 Rxc5 22. Rxc5 Rxd2 23. Nxd2 Bg5 24. f4 Bxf4 25. Qf2 Bxd2 26. Rxa5 Qg5 27. h4 Qh6 28. Qf6 Be3+ 29. Kf1 Qf8 30. Ke2 Bd4 31. Rxe5 Qb8 0-1

[Event "XIII Mediterranean Championship 2023"]
[Site "Castell-Platja d Aro"]
[Date "2023.11.06"]
[Round "4.28"]
[White "Hernando Rodrigo, Inmaculada"]
[Black "Andreu Lopez, Santiago"]
[Result "0-1"]
[ECO "B06"]
[WhiteElo "1734"]
[BlackElo "1834"]
[Annotator "NA RC"]
[PlyCount "86"]
[EventDate "2023.10.26"]
[EventType "swiss"]
[EventCountry "ESP"]
[SourceTitle "playchess.com"]
[Source "ChessBase"]
[SourceQuality "1"]
[TimeControl "5400+30"]

1. e4 g6 2. d4 Bg7 3. Nf3 d6 4. Be3 Nf6 5. Bd3 O-O 6. O-O Nbd7 7. h3 c5 8. c3 a6 9. Re1 b5 10. e5 dxe5 11. Nxe5 Nd5 12. Be4 Bb7 13. Nxd7 Nxe3 14. Rxe3 Bxe4 15. Rxe4 Qxd7 16. Qe2 cxd4 17. Rxe7 d3 18. Qe3 Qd6 19. Re4 b4 20. a3 Rad8 21. Nd2 bxc3 22. bxc3 Bxc3 23. Nc4 Qf6 24. Rd1 Bd4 25. Qf3 Qc6 26. Ne5 Bxe5 27. Rxe5 Qc2 28. Re3 d2 29. Rc3 Qa4 30. Qe2 Rfe8 31. Re3 Rxe3 32. fxe3 Qxa3 33. Kf2 Qa2 34. e4 Qc2 35. Ke3 Re8 36. Qxd2 Rxe4+ 37. Kf3 Qc6 38. Kg3 Qf6 39. Rc1 g5 40. Rc5 h6 41. Rc8+ Kg7 42. Qc3 Rd4 43. Qf3 Qe5+ 0-1

[Event "XIII Mediterranean Championship 2023"]
[Site "Castell-Platja d Aro"]
[Date "2023.11.06"]
[Round "4.29"]
[White "Parramon Arimany, Marc"]
[Black "Vidal Traves, Marti"]
[Result "0-1"]
[ECO "C00"]
[WhiteElo "1834"]
[BlackElo "1631"]
[Annotator "NA RC"]
[PlyCount "118"]
[EventDate "2023.10.26"]
[EventType "swiss"]
[EventCountry "ESP"]
[SourceTitle "playchess.com"]
[Source "ChessBase"]
[SourceQuality "1"]
[TimeControl "5400+30"]

1. e4 e6 2. d3 d5 3. Nc3 Nf6 4. Bg5 c6 5. e5 h6 6. Bh4 g5 7. Bg3 Nfd7 8. h4 Bg7 9. hxg5 Qxg5 10. Rh5 Qe7 11. Qg4 f5 12. Qe2 d4 13. Nd1 c5 14. f4 Nc6 15. Bh4 Qf7 16. g4 fxg4 17. Qxg4 Rg8 18. Qf3 Nb4 19. Kd2 Nd5 20. Ne2 Nxe5 21. Rxe5 Bxe5 22. Nf2 Bxf4+ 23. Nxf4 Qxf4+ 24. Qxf4 Nxf4 25. Ne4 Kf7 26. Nxc5 e5 27. c3 Rg1 28. Bf2 Rh1 29. Ne4 Bh3 30. Ng3 Rh2 31. Ne4 Bxf1 32. Rxf1 Nh3 33. Ke1 Nxf2 34. Nxf2 Ke6 35. Ne4 Rg8 36. Nf2 Rf8 37. c4 Kd7 38. b4 h5 39. a4 a5 40. bxa5 Kc7 41. Ne4 Rxf1+ 42. Kxf1 Ra2 43. Nf6 Rxa4 44. Nxh5 Rxa5 45. Nf6 b5 46. cxb5 Rxb5 47. Ke2 Rb2+ 48. Kf3 Kd6 49. Ne4+ Ke6 50. Kg4 Rb1 51. Kf3 Re1 52. Nf2 Kf5 53. Ng4 Rf1+ 54. Nf2 Rxf2+ 55. Kxf2 Kf4 56. Ke2 Kg3 57. Kd2 Kf2 58. Kd1 Ke3 59. Kc2 Ke2 0-1

[Event "XIII Mediterranean Championship 2023"]
[Site "Castell-Platja d Aro"]
[Date "2023.11.06"]
[Round "4.30"]
[White "Teixidor Banus, Josep Maria"]
[Black "Vidal Palou, Jordi"]
[Result "0-1"]
[ECO "B13"]
[WhiteElo "1669"]
[BlackElo "1620"]
[Annotator "NA RC"]
[PlyCount "94"]
[EventDate "2023.10.26"]
[EventType "swiss"]
[EventCountry "ESP"]
[SourceTitle "playchess.com"]
[Source "ChessBase"]
[SourceQuality "1"]
[TimeControl "5400+30"]

1. d4 d5 2. Bf4 c5 3. e3 cxd4 4. exd4 Qb6 5. Nc3 e6 6. Nb5 Na6 7. Nf3 Bd7 8. a4 Nf6 9. c3 Be7 10. Ne5 O-O 11. Nxd7 Nxd7 12. Bd3 Nf6 13. g4 Ne4 14. f3 Bh4+ 15. Bg3 Nxg3 16. hxg3 Bxg3+ 17. Kf1 f5 18. Kg2 Bf4 19. Rh4 Qd8 20. Qh1 Bh6 21. Kf2 Qg5 22. Rxh6 gxh6 23. Qe1 Qh4+ 24. Kg2 Qxe1 25. Rxe1 fxg4 26. fxg4 Rf6 27. Rf1 Rxf1 28. Bxf1 Kg7 29. Bd3 Re8 30. Nxa7 Nc7 31. Nb5 Nxb5 32. Bxb5 Re7 33. Kf3 e5 34. Ke3 Kf6 35. Bd3 b6 36. Bc2 Rg7 37. Bd1 h5 38. dxe5+ Kxe5 39. gxh5 Rg3+ 40. Kf2 Kf4 41. Be2 h6 42. c4 dxc4 43. Bxc4 Rh3 44. b4 Rxh5 45. Bf7 Rh2+ 46. Ke1 Ke3 47. Kd1 Ke4 0-1

[Event "XIII Mediterranean Championship 2023"]
[Site "Castell-Platja d Aro"]
[Date "2023.11.06"]
[Round "4.31"]
[White "Giro Castellet, Esteve"]
[Black "Delbos, Jean-Louis"]
[Result "1/2-1/2"]
[ECO "D07"]
[WhiteElo "1633"]
[BlackElo "1573"]
[Annotator "NA RC"]
[PlyCount "49"]
[EventDate "2023.10.26"]
[EventType "swiss"]
[EventCountry "ESP"]
[SourceTitle "playchess.com"]
[Source "ChessBase"]
[SourceQuality "1"]
[TimeControl "5400+30"]

1. d4 d5 2. c4 Nc6 3. e3 e5 4. cxd5 Qxd5 5. Nc3 Bb4 6. Bd2 Bxc3 7. Bxc3 exd4 8. exd4 Nf6 9. Nf3 Bg4 10. Be2 O-O 11. O-O Rfe8 12. Re1 Rad8 13. Qd3 Qh5 14. Bd1 Rxe1+ 15. Nxe1 Nxd4 16. Bxd4 c5 17. Bxg4 Qxg4 18. Nf3 cxd4 19. h3 Qe6 20. b3 Nh5 21. Re1 Qf6 22. Qxd4 Qxd4 23. Nxd4 Kf8 24. Nf3 Nf4 25. h4 1/2-1/2

[Event "XIII Mediterranean Championship 2023"]
[Site "Castell-Platja d Aro"]
[Date "2023.11.07"]
[Round "5.1"]
[White "Garcia Ramos, Daniel"]
[Black "Iermito, Sebastian"]
[Result "0-1"]
[ECO "C54"]
[WhiteElo "2455"]
[BlackElo "2521"]
[Annotator "RC"]
[PlyCount "86"]
[EventDate "2023.10.26"]
[EventType "swiss"]
[EventCountry "ESP"]
[SourceTitle "playchess.com"]
[Source "ChessBase"]
[SourceQuality "1"]
[TimeControl "5400+30"]

1. e4 e5 2. Nf3 Nc6 3. Bc4 Bc5 4. c3 Nf6 5. d4 exd4 6. e5 d5 7. Be2 Ne4 8. cxd4 Bb6 9. O-O O-O 10. Nc3 Be6 11. Be3 f6 12. exf6 Qxf6 13. Na4 Bg4 14. Nxb6 axb6 15. h3 Bh5 16. Qb3 Rad8 17. Rac1 Kh8 18. Qc2 Rde8 19. Rfe1 Nd6 20. Ne5 Bxe2 21. Nd7 Qf5 22. Nxf8 Bd3 23. Qd1 Rxf8 24. Rc3 Ba6 25. Qg4 Re8 26. Rcc1 Re4 27. Qg3 Qe6 28. Kh2 h6 29. b3 Kh7 30. a4 Qe7 31. Qf3 Nxd4 32. Bxd4 Rxe1 33. Rxe1 Qxe1 34. Qf8 Ne8 35. Qf5+ Kg8 36. Qxd5+ Kh8 37. Be3 Qb4 38. Qf7 Qe4 39. Bf4 Kh7 40. f3 Qg6 41. Qe7 Bf1 42. Bg3 Nd6 43. Qxc7 Nf5 0-1

[Event "XIII Mediterranean Championship 2023"]
[Site "Castell-Platja d Aro"]
[Date "2023.11.07"]
[Round "5.2"]
[White "Garriga Cazorla, Pere"]
[Black "Trepat Herranz, Joan"]
[Result "1-0"]
[ECO "D46"]
[WhiteElo "2459"]
[BlackElo "2385"]
[Annotator "RC"]
[PlyCount "105"]
[EventDate "2023.10.26"]
[EventType "swiss"]
[EventCountry "ESP"]
[SourceTitle "playchess.com"]
[Source "ChessBase"]
[SourceQuality "1"]
[TimeControl "5400+30"]

1. d4 d5 2. c4 c6 3. Nf3 Nf6 4. Nc3 e6 5. e3 Nbd7 6. Qc2 Bd6 7. Be2 dxc4 8. Bxc4 b5 9. Be2 O-O 10. O-O a6 11. Ng5 Be7 12. e4 h6 13. Nf3 b4 14. Na4 c5 15. e5 Nd5 16. Qe4 cxd4 17. Bxh6 gxh6 18. Bd3 f5 19. exf6 Rxf6 20. Qh7+ Kf8 21. Bg6 Rxg6 22. Qxg6 Bf6 23. Rfe1 Qe7 24. Rad1 Qg7 25. Qxg7+ Kxg7 26. Rxe6 Nf8 27. Rd6 Nf4 28. Nb6 Rb8 29. Nxc8 Rxc8 30. g3 N4e6 31. Rxa6 Kf7 32. Ra7+ Kg6 33. Rb7 Rc4 34. Nd2 Rc2 35. Rxb4 d3 36. Ne4 Bxb2 37. Rxd3 Bg7 38. a4 Ra2 39. Kg2 Ng5 40. Nc5 Nf7 41. Re3 Kh7 42. Re7 Nd6 43. Ne6 Nxe6 44. Rxe6 Nf5 45. Rf4 Nd4 46. Re7 Nc6 47. Rc7 Ne5 48. Re4 Ng6 49. h4 h5 50. Rc5 Kh6 51. Rf5 Bf8 52. Re6 Be7 53. a5 1-0

[Event "XIII Mediterranean Championship 2023"]
[Site "Castell-Platja d Aro"]
[Date "2023.11.07"]
[Round "5.3"]
[White "Alexakis, Dimitris"]
[Black "Eugene, Floryan"]
[Result "1-0"]
[ECO "C92"]
[WhiteElo "2458"]
[BlackElo "2426"]
[Annotator "RC"]
[PlyCount "77"]
[EventDate "2023.10.26"]
[EventType "swiss"]
[EventCountry "ESP"]
[SourceTitle "playchess.com"]
[Source "ChessBase"]
[SourceQuality "1"]
[TimeControl "5400+30"]

1. e4 e5 2. Nf3 Nc6 3. Bb5 a6 4. Ba4 Nf6 5. O-O Be7 6. Re1 b5 7. Bb3 d6 8. c3 O-O 9. h3 Bb7 10. d4 Re8 11. Nbd2 Bf8 12. a4 exd4 13. cxd4 Qd7 14. Ng5 Nd8 15. e5 Nd5 16. Ndf3 h6 17. Ne4 bxa4 18. Bxa4 Bc6 19. Bb3 Nb4 20. Nc3 d5 21. Re3 Bb7 22. Ba4 Bc6 23. Bb3 Bb7 24. Nh2 c5 25. Rg3 Kh8 26. Na4 Qf5 27. Nxc5 Bxc5 28. dxc5 Ne6 29. Ng4 h5 30. Qd2 a5 31. Nh6 gxh6 32. Qxh6+ Qh7 33. Qf6+ Ng7 34. Bh6 Rg8 35. e6 Ra6 36. Re1 Bc8 37. Bxg7+ Rxg7 38. Qd8+ Qg8 39. exf7 1-0

[Event "XIII Mediterranean Championship 2023"]
[Site "Castell-Platja d Aro"]
[Date "2023.11.07"]
[Round "5.4"]
[White "Asis Gargatagli, Hipolito"]
[Black "Masague Artero, Guerau"]
[Result "1-0"]
[ECO "B51"]
[WhiteElo "2511"]
[BlackElo "2305"]
[Annotator "RC"]
[PlyCount "69"]
[EventDate "2023.10.26"]
[EventType "swiss"]
[EventCountry "ESP"]
[SourceTitle "playchess.com"]
[Source "ChessBase"]
[SourceQuality "1"]
[TimeControl "5400+30"]

1. e4 c5 2. Nf3 Nc6 3. Bb5 d6 4. O-O Bd7 5. Re1 Nf6 6. h3 a6 7. Bf1 g5 8. d4 g4 9. d5 Ne5 10. Nxe5 dxe5 11. hxg4 Nxg4 12. f3 Nf6 13. Nd2 Qc7 14. a4 Bh6 15. Nc4 Bxc1 16. Qxc1 Rg8 17. Qh6 Rg6 18. Qh2 Rg5 19. Red1 O-O-O 20. d6 exd6 21. Qh4 Rg6 22. Nxd6+ Kb8 23. Nxf7 Rf8 24. Nd6 Be6 25. Qh2 c4 26. Qxe5 Nd7 27. Qc3 Qc5+ 28. Qd4 Qh5 29. Nf5 Ka8 30. Ra3 Qg5 31. Qe3 Qh5 32. Qf4 Bxf5 33. exf5 Nb6 34. Re3 Qxf5 35. Rd8+ 1-0

[Event "XIII Mediterranean Championship 2023"]
[Site "Castell-Platja d Aro"]
[Date "2023.11.07"]
[Round "5.5"]
[White "Lazaro Pujol, Abel"]
[Black "Gines Esteo, Pedro Antonio"]
[Result "1/2-1/2"]
[ECO "B19"]
[WhiteElo "2289"]
[BlackElo "2490"]
[Annotator "RC"]
[PlyCount "165"]
[EventDate "2023.10.26"]
[EventType "swiss"]
[EventCountry "ESP"]
[SourceTitle "playchess.com"]
[Source "ChessBase"]
[SourceQuality "1"]
[TimeControl "5400+30"]

1. e4 c6 2. d4 d5 3. Nc3 dxe4 4. Nxe4 Bf5 5. Ng3 Bg6 6. h4 h6 7. Nf3 Nd7 8. h5 Bh7 9. Bd3 Bxd3 10. Qxd3 e6 11. Bd2 Ngf6 12. O-O-O Be7 13. Kb1 Rc8 14. Ne4 c5 15. dxc5 O-O 16. Be3 Nxe4 17. Qxe4 Qc7 18. c3 Nf6 19. Qc2 Bxc5 20. Bd4 Qe7 21. Qe2 Rfd8 22. Rd2 Bxd4 23. Nxd4 Rd5 24. g4 Qd6 25. Rhd1 Qb6 26. c4 Rdc5 27. Nb5 R5c6 28. Nd6 Rd8 29. Ne4 Rxd2 30. Nxf6+ gxf6 31. Qxd2 Kg7 32. Qd4 Qxd4 33. Rxd4 e5 34. Rd7 Rxc4 35. Rxb7 Rxg4 36. Rxa7 Rf4 37. a4 Rxf2 38. a5 f5 39. a6 Rf1+ 40. Ka2 Rd1 41. Rc7 Rd6 42. a7 Ra6+ 43. Kb1 f4 44. Kc2 f3 45. Kd3 Ra2 46. Ke3 e4 47. Rc4 f2 48. Kxf2 Rxa7 49. Rxe4 Ra2 50. Rb4 Ra5 51. Rh4 f5 52. Rh3 Rb5 53. Rg3+ Kf6 54. Rg6+ Ke5 55. Rxh6 Rxb2+ 56. Kf3 Rb3+ 57. Kf2 Kf4 58. Ra6 Rb2+ 59. Kf1 Kf3 60. Ra3+ Kg4 61. h6 Rh2 62. Rb3 Rxh6 63. Ra3 Rd6 64. Rb3 Rd2 65. Ra3 Kf4 66. Rb3 Ke4 67. Ra3 Rh2 68. Rb3 Ra2 69. Rc3 Ra5 70. Rb3 Re5 71. Kf2 Kf4 72. Rb4+ Kg5 73. Ra4 Rb5 74. Rc4 f4 75. Rc8 Rb2+ 76. Kf3 Rb3+ 77. Kf2 Rb5 78. Kf3 Ra5 79. Rg8+ Kf5 80. Rf8+ Kg5 81. Rg8+ Kf5 82. Rf8+ Ke5 83. Re8+ 1/2-1/2

[Event "XIII Mediterranean Championship 2023"]
[Site "Castell-Platja d Aro"]
[Date "2023.11.07"]
[Round "5.6"]
[White "Garcia Jimenez, Francisco Javier"]
[Black "Narciso Dublan, Marc"]
[Result "1/2-1/2"]
[ECO "B15"]
[WhiteElo "2249"]
[BlackElo "2401"]
[Annotator "RC"]
[PlyCount "86"]
[EventDate "2023.10.26"]
[EventType "swiss"]
[EventCountry "ESP"]
[SourceTitle "playchess.com"]
[Source "ChessBase"]
[SourceQuality "1"]
[TimeControl "5400+30"]

1. e4 c6 2. d4 d5 3. Nc3 dxe4 4. Nxe4 Nf6 5. Nxf6+ exf6 6. Bf4 Bd6 7. Bxd6 Qxd6 8. c3 O-O 9. Bd3 Re8+ 10. Ne2 Nd7 11. O-O g6 12. Re1 f5 13. Qd2 Nf6 14. Qf4 Qxf4 15. Nxf4 Bd7 16. h4 Kf8 17. f3 Rac8 18. Kf2 a5 19. Rxe8+ Nxe8 20. Re1 Nc7 21. Re5 b6 22. a3 Ne6 23. Kg3 Ng7 24. Bc4 h6 25. Nd3 Nh5+ 26. Kf2 Nf6 27. Re1 Be8 28. Ba2 Rd8 29. Ne5 c5 30. d5 Bb5 31. c4 Be8 32. b3 Ng8 33. a4 Ne7 34. Bb1 Nc8 35. h5 Ne7 36. hxg6 fxg6 37. Nd3 Bf7 38. Nf4 Rd6 39. Ne2 Be8 40. Nc3 Rf6 41. Bd3 Nc8 42. f4 Nd6 43. Nb1 g5 1/2-1/2

[Event "XIII Mediterranean Championship 2023"]
[Site "Castell-Platja d Aro"]
[Date "2023.11.07"]
[Round "5.7"]
[White "Alsina Leal, Daniel"]
[Black "Hernando Rodrigo, Julio Antonio"]
[Result "0-1"]
[ECO "C17"]
[WhiteElo "2531"]
[BlackElo "2202"]
[Annotator "RC"]
[PlyCount "126"]
[EventDate "2023.10.26"]
[EventType "swiss"]
[EventCountry "ESP"]
[SourceTitle "playchess.com"]
[Source "ChessBase"]
[SourceQuality "1"]
[TimeControl "5400+30"]

1. e4 e6 2. d4 d5 3. Nc3 Bb4 4. e5 c5 5. Bd2 Ne7 6. a3 Bxc3 7. Bxc3 b6 8. h4 Ba6 9. Bxa6 Nxa6 10. Qe2 cxd4 11. Bxd4 Nc5 12. O-O-O Qc8 13. Kb1 Qa6 14. Qxa6 Nxa6 15. h5 h6 16. Ne2 Rc8 17. g4 Nc5 18. Ng3 O-O 19. Rhe1 g5 20. hxg6 fxg6 21. Rh1 Rf4 22. Rxh6 Rxg4 23. Rdh1 Rf8 24. c3 Kf7 25. Rh7+ Ke8 26. Rg7 Rgf4 27. Be3 R4f7 28. Rxf7 Rxf7 29. Ne2 Nd3 30. f4 g5 31. fxg5 Nxe5 32. Bd4 N5g6 33. Bf6 Ng8 34. Bd4 e5 35. Be3 Kd7 36. Kc2 Ke6 37. a4 N8e7 38. a5 Nf5 39. Bd2 b5 40. a6 Rc7 41. Kb3 Rc6 42. Ra1 Rc4 43. Ra5 Nd6 44. Be3 Ne7 45. Bg1 Re4 46. Ng3 Rg4 47. Bf2 Nc6 48. Ra1 Rxg5 49. Rh1 Nf5 50. Nxf5 Rxf5 51. Bc5 d4 52. Rh7 Rf7 53. Rxf7 Kxf7 54. c4 b4 55. Bxb4 Nxb4 56. Kxb4 Ke6 57. Kb3 Kd6 58. Kc2 Kc5 59. Kd3 Kb6 60. Ke4 Kxa6 61. b4 Kb6 62. Kd3 a5 63. b5 Kc5 0-1

[Event "XIII Mediterranean Championship 2023"]
[Site "Castell-Platja d Aro"]
[Date "2023.11.07"]
[Round "5.8"]
[White "Ayats Llobera, Gerard"]
[Black "Guillo Longares, Cecilia"]
[Result "1-0"]
[ECO "D91"]
[WhiteElo "2442"]
[BlackElo "2065"]
[Annotator "RC"]
[PlyCount "61"]
[EventDate "2023.10.26"]
[EventType "swiss"]
[EventCountry "ESP"]
[SourceTitle "playchess.com"]
[Source "ChessBase"]
[SourceQuality "1"]
[TimeControl "5400+30"]

1. d4 Nf6 2. c4 g6 3. Nc3 d5 4. Bg5 Bg7 5. Nf3 Ne4 6. Bf4 Nxc3 7. bxc3 c5 8. e3 Nc6 9. cxd5 Qxd5 10. Be2 cxd4 11. cxd4 Qa5+ 12. Nd2 e5 13. dxe5 Nxe5 14. O-O O-O 15. Nb3 Qa3 16. Qc1 Qe7 17. Nd4 Be6 18. Nxe6 Rfc8 19. Qb1 fxe6 20. Qb3 Rc6 21. Rab1 Rb6 22. Qa4 Rxb1 23. Rxb1 a6 24. Qe4 Nc6 25. Bc4 Nd8 26. Rb6 Kh8 27. Bxe6 Rc8 28. h3 Rc1+ 29. Kh2 Qc5 30. Bb3 Qf8 31. Bd6 1-0

[Event "XIII Mediterranean Championship 2023"]
[Site "Castell-Platja d Aro"]
[Date "2023.11.07"]
[Round "5.9"]
[White "Lever, Erwan"]
[Black "Gilevych, Artem"]
[Result "1/2-1/2"]
[ECO "E06"]
[WhiteElo "2184"]
[BlackElo "2416"]
[Annotator "RC"]
[PlyCount "61"]
[EventDate "2023.10.26"]
[EventType "swiss"]
[EventCountry "ESP"]
[SourceTitle "playchess.com"]
[Source "ChessBase"]
[SourceQuality "1"]
[TimeControl "5400+30"]

1. d4 d5 2. Nf3 Nf6 3. g3 e6 4. c4 Be7 5. Bg2 O-O 6. Nc3 c6 7. O-O b6 8. b3 Ba6 9. Ne5 Nfd7 10. cxd5 cxd5 11. Nxd5 exd5 12. Nxf7 Rxf7 13. Bxd5 Bb5 14. Bxa8 Nc6 15. Bxc6 Bxc6 16. f3 Nf8 17. Bb2 h5 18. e4 h4 19. d5 Bb5 20. Rf2 Nh7 21. f4 Nf6 22. d6 Qxd6 23. Qxd6 Bxd6 24. e5 Bc5 25. exf6 Rd7 26. Bc3 Rd3 27. Be1 hxg3 28. hxg3 Rxg3+ 29. Kh2 Bxf2 30. Bxf2 Rf3 31. Bg3 1/2-1/2